 Dungeon Crawl Stone Soup version 0.30.1-3-gfc49f6343a (webtiles) character file.

Game seed: 16068599051493450427

32005 sampeng1 the Cleaver (level 13, 0/123 HPs)
             Began as a Minotaur Berserker on July 30, 2023.
             Was a High Priest of Trog.
             Slain by a seven-headed hydra (4 damage)
             ... while petrified by a basilisk
             ... on level 4 of the Lair of Beasts.
             The game lasted 00:49:39 (13878 turns).

sampeng1 the Cleaver (Minotaur Berserker)          Turns: 13878, Time: 00:49:39

Health: 0/123      AC: 23    Str: 33    XL:     13   Next: 29%
Magic:  12/12      EV:  2    Int:  4    God:    Trog [*****.]
Gold:   452        SH:  0    Dex: 10    Spells: 12/12 levels left

rFire   . . .        a - +0 hand axe (flame)
rCold   . . .        (no shield)
rNeg    + + +        N - +2 plate armour
rPois   ∞            (helmet restricted)
rElec   .            g - +2 cloak
rCorr   .            b - +0 pair of gloves
SInv    .            (no boots)
Will    .....        J - amulet of reflection Stlth
                     c - +6 ring of strength
HPRegen 0.40/turn    F - ring of flight
MPRegen 0.13/turn

%: reflection
@: petrified, on berserk cooldown, flying, slowed
A: horns 2, retaliatory headbutt, mutation resistance 1
a: Renounce Religion, Berserk, Trog's Hand, Brothers in Arms


You were on level 4 of the Lair of Beasts.
You worshipped Trog.
Trog was extremely pleased with you.
You visited 2 branches of the dungeon, and saw 14 of its levels.
You also visited: Sewer and Ossuary.

You collected 851 gold pieces.
You spent 399 gold pieces at shops.

Inventory:

Hand Weapons
 a - a +0 hand axe of flaming (weapon)
 M - a +4 heavy war axe
 Q - a +3 heavy executioner's axe
Missiles
 e - 10 boomerangs (quivered)
 G - 5 javelins
Armour
 b - a +0 pair of gloves (worn)
 g - a +2 cloak (worn)
 p - a +4 ring mail of poison resistance
 C - a +0 buckler
 L - a +0 troll leather armour
 N - a +2 plate armour (worn)
Jewellery
 c - a +6 ring of strength (left hand)
 n - a ring of ice
 w - a ring of positive energy
 F - a ring of flight (right hand)
 J - an amulet of reflection (around neck)
 K - a ring of positive energy
 P - an amulet of faith
Wands
 d - a wand of polymorph (9)
 h - a wand of flame (25)
 y - a wand of roots (9)
 I - a wand of charming (13)
 O - a wand of light (13)
Scrolls
 f - 2 scrolls of blinking
 i - 2 scrolls of summoning {unknown}
 k - 3 scrolls of vulnerability
 o - 3 scrolls of fog
 u - 6 scrolls of teleportation
 v - 5 scrolls of poison
 x - 7 scrolls of magic mapping
 D - 2 scrolls of fear
 H - a scroll of identify
 R - a scroll of silence {unknown}
 S - a scroll of immolation {unknown}
Potions
 j - 2 potions of flight
 l - 2 potions of cancellation
 m - 3 potions of haste
 q - 2 potions of invisibility
 r - 6 potions of attraction
 s - a potion of ambrosia
 t - 2 potions of lignification
 z - a potion of berserk rage
 A - 10 potions of curing
 B - 3 potions of resistance
 E - a potion of heal wounds
 T - a potion of might
 U - a potion of mutation


   Skills:
 + Level 13.9 Fighting
 + Level 13.9 Axes
 + Level 13.6 Armour
 + Level 12.6 Dodging
 + Level 5.1 Shields


You had 12 spell levels left.
You didn't know any spells.
Your spell library was empty.

Dungeon Overview and Level Annotations

Branches:
Dungeon (10/15)            Temple (0/1) D:7            Lair (4/5) D:10
  Swamp (0/4) Lair:3        Snake (0/4) Lair:3          Orc (0/2) D:10
  Sewer (visited)         Ossuary (visited)
  Slime: Lair:4-5

Altars:
Cheibriados
Fedhas
Hepliaklqana
Kikubaaqudgha
Makhleb
Trog
Uskayaw
Vehumet
Yredelemnul

Shops:
D:8 *

Portals:
Trove: D:10 (give +2 shadow dragon scales)


Innate Abilities, Weirdness & Mutations

You have a pair of horns on your head.
You reflexively headbutt those who attack you in melee.
You are somewhat resistant to further mutation.


Message History

The basilisk bites you but does no damage.
The seven-headed hydra bites you but does no damage.
The seven-headed hydra bites you!
* * * LOW HITPOINT WARNING * * *
The seven-headed hydra bites you but does no damage.
The seven-headed hydra completely misses you.
The seven-headed hydra bites you.
The seven-headed hydra bites you but does no damage.
The seven-headed hydra bites you!
* * * LOW HITPOINT WARNING * * *
The basilisk bites you but does no damage.
The seven-headed hydra bites you but does no damage.
The seven-headed hydra bites you!
* * * LOW HITPOINT WARNING * * *
The seven-headed hydra bites you but does no damage.
The seven-headed hydra barely misses you.
The seven-headed hydra bites you.
* * * LOW HITPOINT WARNING * * *
The seven-headed hydra bites you. x2
The basilisk bites you but does no damage.
The seven-headed hydra bites you but does no damage. x2
The seven-headed hydra bites you.
* * * LOW HITPOINT WARNING * * *
The seven-headed hydra bites you but does no damage.
The seven-headed hydra barely misses you.
The seven-headed hydra bites you.
* * * LOW HITPOINT WARNING * * *
The seven-headed hydra bites you.
* * * LOW HITPOINT WARNING * * *
The basilisk bites you!
* * * LOW HITPOINT WARNING * * *
The seven-headed hydra bites you but does no damage. x5
The seven-headed hydra bites you.
The seven-headed hydra bites you but does no damage.
The basilisk gazes at you.
You easily resist.
The seven-headed hydra bites you.
* * * LOW HITPOINT WARNING * * *
The seven-headed hydra bites you but does no damage. x2
The seven-headed hydra bites you!
You die...

..... ..# .... ..###
#... #..#.### ## #
#..# #...#...##.##
##..####............
#...#.P.............
##.Dl.....P...P.....
#P.@......## #.....
##....#...P# #.....
#.††###....## #.....
.......#
##P...###.....
........#
#P.........[..
..###...#
#............# .
#...# #...#####...##
#.... #...# ##...#
#P..# ##..## #...##


You could see a seven-headed hydra and a basilisk.

Vanquished Creatures
  The ghost of Cheops the Brawler, a journeyman TrFi of Wu Jian (Lair:2)
  A hydra (D:8)
  3 two-headed ogres
  3 death yaks (D:10)
  A skyshark (Lair:3)
  4 lindwurms (Lair:3)
  Pikel (D:6)
  A wolf spider (shapeshifter) (D:10)
  A deep elf pyromancer (D:10)
  5 elephants (Lair:4)
  A guardian serpent (Lair:3)
  A gargoyle (D:10)
  4 cane toads
  4 black mambas
  A torpor snail (Lair:3)
  9 komodo dragons
  3 rime drakes
  A troll (D:10)
  2 polar bears (Lair:3)
  11 blink frogs
  Grinder (D:3)
  A wyvern (D:8)
  45 yaks
  Eustachio (D:5)
  A vampire mosquito (D:8)
  2 swamp worms (D:8)
  3 acid dragons
  6 water moccasins
  Edmund (D:6)
  Duvessa (D:7)
  Pargi (Sewer)
  3 orc warriors
  A black bear (D:6)
  2 sky beasts
  An ice beast (D:7)
  8 centaurs
  2 phantoms
  4 lemures (D:6)
  A kobold brigand (D:9)
  Blork the orc (D:6)
  8 bullfrogs
  5 wights
  Dowan (D:7)
  8 killer bees
  An electric eel (D:7)
  5 howler monkeys
  6 hounds
  Crazy Yiuf (D:2)
  4 iguanas
  3 jellies
  8 orc priests
  A gnoll bouda (D:9)
  Ijyb (D:3)
  2 sleepcaps
  10 orc wizards
  Terence (D:3)
  8 mummies (Ossuary)
  Robin (D:2)
  4 gnolls
  9 adders
  A white imp (D:8)
  2 ufetubi
  A worm (D:2)
  3 dart slugs
  34 orcs
  7 ball pythons
  10 endoplasms
  4 giant cockroaches
  2 gnoll zombies (Ossuary)
  14 goblins
  6 hobgoblins
  12 kobolds
  9 quokkas
  4 bats
  4 frilled lizards
  A hobgoblin zombie (Ossuary)
  3 kobold zombies (Ossuary)
  2 orc zombies (Ossuary)
  7 rats
357 creatures vanquished.

Notes
Turn   | Place    | Note
-------+----------+-------------------------------------------
     0 | D:1      | sampeng1 the Minotaur Berserker began the quest for the
                  | Orb.
     0 | D:1      | Reached XP level 1. HP: 19/19 MP: 0/0
   236 | D:1      | Reached XP level 2. HP: 21/27 MP: 1/1
   626 | D:1      | Reached XP level 3. HP: 33/33 MP: 2/2
  1301 | D:2      | Reached ** piety under Trog
  1419 | D:2      | Noticed Robin
  1422 | D:2      | Killed Robin
  1423 | D:2      | Reached XP level 4. HP: 39/40 MP: 3/3
  1543 | D:2      | Found a runed translucent door.
  1544 | D:2      | Noticed Crazy Yiuf
  1550 | D:2      | Killed Crazy Yiuf
  1739 | D:2      | Found a faded altar of an unknown god.
  2227 | D:2      | Gained mutation: You are somewhat resistant to further
                  | mutation. [potion of mutation]
  2293 | D:3      | Reached XP level 5. HP: 47/47 MP: 4/4
  2432 | D:3      | Noticed Grinder
  2453 | D:3      | Paralysed by Grinder for 5 turns
  2460 | D:3      | Killed Grinder
  2461 | D:3      | Reached skill level 5 in Fighting
  2461 | D:3      | Reached skill level 5 in Axes
  2461 | D:3      | Reached XP level 6. HP: 34/56 MP: 5/5
  2550 | D:3      | Noticed Ijyb
  2566 | D:3      | Killed Ijyb
  2706 | D:3      | Found a bloodstained altar of Trog.
  2723 | D:3      | Found a basalt altar of Yredelemnul.
  2791 | D:3      | Found a glowing drain.
  2806 | Sewer    | Entered a sewer
  2810 | Sewer    | Reached *** piety under Trog
  2893 | Sewer    | Noticed Pargi
  2902 | Sewer    | Killed Pargi
  2903 | Sewer    | Reached skill level 5 in Armour
  2903 | Sewer    | Reached XP level 7. HP: 62/62 MP: 6/6
  3014 | D:3      | Noticed Terence
  3025 | D:3      | Killed Terence
  3220 | D:3      | Found a hazy altar of Hepliaklqana.
  3485 | D:4      | Found a blossoming altar of Fedhas.
  3815 | D:4      | Found a snail-covered altar of Cheibriados.
  3822 | D:4      | Reached skill level 5 in Dodging
  4066 | D:5      | Entered Level 5 of the Dungeon
  4153 | D:5      | Noticed Eustachio
  4183 | D:5      | Killed Eustachio
  4263 | D:5      | Reached XP level 8. HP: 66/71 MP: 7/7
  4777 | D:6      | Reached **** piety under Trog
  4855 | D:6      | Identified the +2 rapier "Mibefuv" {holy, rPois Int+4}
  4905 | D:6      | Noticed Blork the orc
  4912 | D:6      | Killed Blork the orc
  5162 | D:6      | Noticed Pikel
  5181 | D:6      | Killed Pikel
  5182 | D:6      | Reached XP level 9. HP: 41/81 MP: 8/8
  5584 | D:6      | Noticed Edmund
  5590 | D:6      | Killed Edmund
  5786 | D:6      | Found a burning altar of Makhleb.
  5913 | D:7      | Noticed Dowan
  5914 | D:7      | Noticed Duvessa
  5924 | D:7      | Killed Duvessa
  5936 | D:7      | Killed Dowan
  6025 | D:7      | Found a sand-covered staircase.
  6033 | Ossuary  | Entered an ossuary
  6129 | Ossuary  | Reached ***** piety under Trog
  6711 | D:7      | Found a staircase to the Ecumenical Temple.
  7098 | D:8      | Noticed a five-headed hydra
  7106 | D:8      | Killed a one-headed hydra
  7107 | D:8      | Reached XP level 10. HP: 78/91 MP: 9/9
  7364 | D:8      | Found Lomev's General Store.
  7408 | D:8      | Bought a +4 chain mail for 371 gold pieces
  7408 | D:8      | Bought a scroll of identify for 28 gold pieces
  7660 | D:8      | Reached skill level 10 in Fighting
  7660 | D:8      | Reached skill level 10 in Axes
  8002 | D:8      | Reached skill level 10 in Armour
  8359 | D:9      | Noticed a two-headed ogre
  8363 | D:9      | Killed a two-headed ogre
  8363 | D:9      | Identified the +1 triple sword of Honour {heavy, rN+ Str+3}
                  | (Trog gifted it to you on level 9 of the Dungeon)
  8363 | D:9      | Received a gift from Trog
  8541 | D:9      | Noticed a two-headed ogre
  8547 | D:9      | Killed a two-headed ogre
  8548 | D:9      | Reached XP level 11. HP: 95/101 MP: 10/10
  8624 | D:9      | Found a hide-covered altar of Uskayaw.
  8865 | D:10     | Entered Level 10 of the Dungeon
  8865 | D:10     | Noticed a death yak
  8865 | D:10     | Noticed a death yak
  8865 | D:10     | Found a staircase to the Lair.
  8866 | D:10     | Noticed a death yak
  8873 | D:10     | Killed a death yak
  8877 | D:10     | Killed a death yak
  8881 | D:10     | Killed a death yak
  8882 | D:10     | Reached skill level 10 in Dodging
  9211 | D:10     | Noticed an anaconda
  9219 | D:10     | an anaconda changed into a wolf spider
  9219 | D:10     | Noticed a wolf spider (shapeshifter)
  9228 | D:10     | Killed a wolf spider
  9386 | D:10     | Found a staircase to the Orcish Mines.
  9408 | D:10     | Noticed a two-headed ogre
  9408 | D:10     | Noticed a deep elf pyromancer
  9424 | D:10     | Killed a two-headed ogre
  9455 | D:10     | Killed a deep elf pyromancer
  9649 | D:10     | Found a portal to a secret trove of treasure.
  9687 | D:10     | Found a radiant altar of Vehumet.
  9777 | D:10     | Found an ancient bone altar of Kikubaaqudgha.
 10047 | Lair:1   | Entered Level 1 of the Lair of Beasts
 10205 | Lair:1   | Reached XP level 12. HP: 93/113 MP: 11/11
 11431 | Lair:2   | Found a runed translucent gate.
 11432 | Lair:2   | Found a runed translucent gate.
 11433 | Lair:2   | Found a runed translucent gate.
 11434 | Lair:2   | Noticed Cheops's ghost (journeyman TrFi)
 11449 | Lair:2   | Killed Cheops's ghost
 11705 | Lair:2   | Received a gift from Trog
 12131 | Lair:3   | Found a staircase to the Swamp.
 12166 | Lair:3   | Reached skill level 1 in Shields
 12455 | Lair:3   | Found a staircase to the Snake Pit.
 13231 | Lair:3   | Reached XP level 13. HP: 26/122 MP: 12/12
 13248 | Lair:3   | Identified the staff of death "Vorotu Edepn" {rC++ rN+}
 13861 | Lair:4   | Reached skill level 5 in Shields
 13877 | Lair:4   | HP: 4/123 [basilisk (5)]
 13878 | Lair:4   | Slain by a seven-headed hydra

Illustrated notes

Levels and vault maps discovered:
D:1:      arrival_zaba_pyramid, layout_loops_corners,
          hangedman_decor_clover_reticule, hangedman_feature_mirror
D:2:      layout_basic, shapermc_ecumenical_altar_petra,
          serial_co_window_serial, co_window_corner_a, co_window_corner_a,
          co_window_paths_b, co_window_of_opportunity_a, co_window_paths_b,
          co_window_unsneaky_path_e, co_window_corner_b, co_window_paths_c,
          uniq_robin, uniq_crazy_yiuf_cottage
D:3:      layout_basic, general_overflow_altar, mainiacjoe_overflow_swirl,
          portal_sewer_entry_d, minivault_23, uniq_terence, uniq_ijyb,
          uniq_grinder
D:4:      layout_loops_ring, kennysheep_slug_shrine,
          mainiacjoe_overflow_six_doors_small, nicolae_overflow_hidden_temple
D:5:      layout_loops_ring, uniq_eustachio
D:6:      layout_loops_ring, lemuel_coloured_pillars_altar, uniq_blork_the_orc,
          uniq_pikel, uniq_edmund
D:7:      layout_basic, lemuel_temple_firewalk_b, nicolae_ossuary_entry_ruins,
          kennysheep_cross_room, amethyst_killhole, uniq_duvessa
D:8:      minmay_opposing_rooms, layout_cave_pools, serial_shops,
          nicolae_shop_trees, worms_lemuel
D:9:      layout_loops_ring, nicolae_uskayaw_dance_studio
D:10:     layout_rooms, kiku_gazebo_garden_becter, kennysheep_little_box,
          dpeg_lair_monsters, orc_0_dummy, enter_trove_3, grunt_potential
Lair:1:   layout_cave_pods, grunt_forest_small_clearing_treed
Lair:2:   layout_gridlike, ebering_ghost_rock_garden, lemuel_fruit_tree,
          infiniplex_staircase_pool
Lair:3:   layout_regular_city, swamp_mist, minmay_snake_entry_spellcaster,
          minmay_lindwurm_lava
Lair:4:   layout_small_grid, dpeg_slime_entry_enclosed,
          gammafunk_ghost_wrathful_warriors

Skill      XL: |  1  2  3  4  5  6  7  8  9 10 11 12 13 |
---------------+----------------------------------------+-----
Fighting       | 4 5 6 8 9 10 12 13 | 13.9
Axes           | 4 5 6 8 9 10 12 13 | 13.9
Armour         | 3 4 5 6 7 9 10 12 13 | 13.6
Dodging        | 3 4 5 7 8 9 11 12 | 12.6
Shields        | 4 5 |  5.1

Action                     |  1- 3 |  4- 6 |  7- 9 | 10-12 | 13-15 || total
---------------------------+-------+-------+-------+-------+-------++-------
  Melee: Hand axe          |    83 |   129 |   193 |    74 |       ||   479
         Headbutt          |    10 |    19 |    48 |    57 |     4 ||   138
         Punch             |       |       |     2 |     3 |       ||     5
         War axe           |       |       |   152 |   209 |       ||   361
         Executioner's axe |       |       |       |    41 |    30 ||    71
 Invoke: Berserk           |       |     1 |     1 |     5 |     1 ||     8
         Trog's Hand       |       |       |       |     1 |       ||     1
  Evoke: Wand              |       |       |       |     1 |       ||     1
    Use: Potion            |     3 |     3 |     4 |     7 |       ||    17
         Scroll            |       |     2 |    11 |    10 |       ||    23
   Stab: Distracted        |       |       |       |     1 |       ||     1
 Armour: Animal skin       |     1 |       |       |       |       ||     1
         Ring mail         |    19 |    53 |   176 |    15 |       ||   263
         Chain mail        |       |       |       |    24 |       ||    24
         Plate armour      |       |       |       |   151 |    83 ||   234
  Dodge: Dodged            |    48 |    79 |   192 |   205 |    42 ||   566
  Block: Other             |       |       |       |    32 |    16 ||    48
         Buckler           |       |       |       |    67 |       ||    67
         Reflection        |       |       |       |     5 |       ||     5
